 Dungeon Crawl Stone Soup version 0.17-a0-1979-g1c74939 (webtiles) character file.

92 derrpe the Sneak (level 4, -1/30 HPs)
             Began as a Halfling Assassin on Oct 5, 2015.
             Was an Initiate of Dithmenos.
             Slain by a black bear (7 damage)
             ... on level 3 of the Dungeon.
             The game lasted 00:04:21 (2743 turns).

derrpe the Sneak (Halfling Assassin)                Turns: 2743, Time: 00:04:22

Health: -1/30      AC:  6    Str: 11    XL:     4   Next: 90%
Magic:  4/4        EV: 14    Int: 11    God:    Dithmenos [......]
Gold:   111        SH:  0    Dex: 15    Spells: 0 memorised, 3 levels left

rFire  . . .     SeeInvis .     a - +4 dagger (venom)
rCold  . . .     Clarity  .     s - +2 leather armour {rN+}
rNeg   + . .     SustAt   .     (shield restricted)
rPois  .         Gourm    .     (no helmet)
rElec  .         Spirit   .     d - +0 cloak
rCorr  .         Warding  .     (no gloves)
rMut   .         Stasis   .     (no boots)
MR     .....                    (no amulet)
Stlth  ++++......               (no ring)
                                i - ring of stealth

@: not resistant to hostile enchantments, stealthy
A: mutation resistance 1
a: Renounce Religion


You were on level 3 of the Dungeon.
You worshipped Dithmenos.
Dithmenos was noncommittal.
You were hungry.

You visited 1 branch of the dungeon, and saw 3 of its levels.

You collected 111 gold pieces.

Inventory:

Hand Weapons
 a - a +4 dagger of venom (weapon)
 b - a +0 blowgun
Missiles
 e - 23 poisoned needles
 f - 2 curare-tipped needles
 k - 75 stones (quivered)
Armour
 d - a +0 cloak (worn)
 s - a +2 leather armour of positive energy (worn)
Jewellery
 i - a ring of stealth (left hand)
Scrolls
 m - 2 scrolls of identify {unknown}
Potions
 l - a potion of heal wounds {unknown}
 n - a potion of flight {unknown}
 o - a potion of invisibility {unknown}
 p - a potion of curing
Comestibles
 g - 2 bread rations {@e1}
 h - a meat ration {@e2}
 j - 2 beef jerkies


   Skills:
 + Level 2.4 Fighting
 * Level 4.5 Short Blades
 - Level 2.6 Throwing
 + Level 2.2 Dodging
 + Level 4.8 Stealth


You had 3 spell levels left.
You didn't know any spells.

Dungeon Overview and Level Annotations

Branches:
Dungeon (3/15)

Altars:
Dithmenos

Annotations:
D:3 truemonolith's ghost, amateur DsMo


Innate Abilities, Weirdness & Mutations

You are small and have problems with some larger weapons.
You are somewhat resistant to further mutation.


Message History

The black bear claws you but does no damage.
The black bear barely misses you.
The black bear claws you but does no damage.
The black bear barely misses you. The black bear bites you!
The black bear claws you.
* * * LOW HITPOINT WARNING * * *
The black bear claws you but does no damage.
The black bear rages.
You barely miss the black bear.
The black bear is almost dead.
The black bear closely misses you.
The black bear claws you but does no damage. x2
You barely miss the black bear.
The black bear is almost dead.
The black bear bites you.
* * * LOW HITPOINT WARNING * * *
The black bear closely misses you. The black bear claws you.
* * * LOW HITPOINT WARNING * * *
The black bear bites you!
You die...

.......############.#######.##...
......## ##..###.....# #.#
..###.# #..##..)##### #.. ⌠ #.#
##.###.### ### #.# #..##..#
..⌠Z..# #.###.## ......# #Z###.#
..⌠..## #h#...# .. ....# #@.[###
... ⌠..# ####.### ###
..###########....# ##
#..........##.# #.......####..#
#. #......## ##... ##.. #......#
#..### ...# #......## #..# #.#.#
#.......###.# ####....# ..


You could see a black bear (berserk) and an adder skeleton.

Vanquished Creatures
  Ijyb (D:3)
  An adder (D:2)
  2 oozes
  A worm (D:2)
  A giant gecko (D:2)
  A ball python (D:3)
  11 goblins
  2 hobgoblins
  2 jackals (D:1)
  8 kobolds (D:1)
  5 bats
  4 giant cockroaches
  5 rats
44 creatures vanquished.

Notes
Turn   | Place    | Note
--------------------------------------------------------------
     0 | D:1      | derrpe the Halfling Assassin began the quest for the Orb.
     0 | D:1      | Reached XP level 1. HP: 14/14 MP: 1/1
   531 | D:1      | Reached XP level 2. HP: 12/19 MP: 2/2
  1051 | D:1      | Reached XP level 3. HP: 24/24 MP: 3/3
  1599 | D:2      | Found a shadowy altar of Dithmenos.
  1610 | D:2      | Became a worshipper of Dithmenos the Shadowed
  1835 | D:2      | Reached XP level 4. HP: 27/29 MP: 4/4
  2210 | D:3      | Noticed Ijyb
  2283 | D:3      | Noticed truemonolith's ghost (amateur DsMo)
  2409 | D:3      | Killed Ijyb
  2711 | D:3      | Noticed a black bear
  2743 | D:3      | Slain by a black bear

Vault maps used:
D:1:      noname_arrival_rooms_in_the_neighbourhood, minmay_misc_feat_enclosed,
          minmay_misc_feat_five
D:2:      nicolae_dithmenos_shadow_blocks
D:3:      makhleb_heckhound_becter, grunt_ministairs_9, minivault_25, uniq_iyjb

Action                   |  1- 3 |  4- 6 || total
-------------------------+-------+-------++-------
Melee: Dagger            |    98 |    25 ||   123
 Fire: Blowgun           |       |    17 ||    17
  Use: Potion            |       |     1 ||     1
 Stab: Sleeping          |    11 |     2 ||    13
  Eat: Chunk             |     3 |     2 ||     5
